 Dungeon Crawl Stone Soup version 0.31.0-9-g3a7656b989 (webtiles) character file.

Game seed: 14833298562611659239

118 qw the Ducker (level 4, -1/22 HPs)
             Began as a Spriggan Hunter on Feb 2, 2024.
             Killed from afar by Sigmund (7 damage)
             ... with a magic dart
             ... on level 3 of the Dungeon.
             The game lasted 00:00:06 (1174 turns).

qw the Ducker (Spriggan Hunter)                     Turns: 1174, Time: 00:00:06

Health: -1/22      AC:  2    Str:  7    XL:     4   Next: 72%
Magic:  5/5        EV: 20    Int: 10    God:
Gold:   172        SH:  0    Dex: 20    Spells: 3/3 levels left

rFire   . . .        a - +2 shortbow
rCold   . . .        (shield currently unavailable)
rNeg    . . .        c - +0 robe
rPois   .            (helmet restricted)
rElec   .            (no cloak)
rCorr   .            (gloves unavailable)
SInv    +            (boots unavailable)
Will    .....        (no amulet)
Stlth   ++           (no ring)
HPRegen 0.23/turn    (no ring)
MPRegen 0.09/turn

%: no passive effects
@: very quick
A: very small, no large weapons, unfitting armour, see invisible, speed 3
a: no special abilities


You were on level 3 of the Dungeon.
You visited 1 branch of the dungeon, and saw 3 of its levels.

You collected 172 gold pieces.


Innate Abilities, Weirdness & Mutations

You are very small and have problems with some larger weapons.
You are too small for most types of armour.
You have supernaturally acute eyesight. (SInv)
You cover ground extremely quickly. (Speed+++)


   Skills:
 + Level 1.5 Fighting
 - Level 5.0 Ranged Weapons
 - Level 5.3 Dodging
 - Level 1.5 Stealth


You had 3 spell levels left.
You didn't know any spells.
Your spell library was empty.

Inventory:

Hand Weapons
 a - a +2 shortbow (weapon)
Armour
 c - a +0 robe (worn)
 d - a +0 cloak
Scrolls
 g - 2 scrolls of immolation {unknown}
Potions
 e - a potion of cancellation

Dungeon Overview and Level Annotations

Branches:
Dungeon (3/15)

Altars:
Hepliaklqana

Annotations:
D:3 Sigmund


Message History

Sigmund is heavily wounded.
Sigmund hits you from afar with a +5 scythe of protection.
You shoot an arrow. The arrow barely misses Sigmund.
Sigmund gestures at you while chanting.
You easily resist.
You shoot an arrow. The arrow closely misses Sigmund.
Sigmund gestures at you while chanting.
You are confused.
1165 ||| DRINKING potion of curing.
You feel better.
1165 ||| (to cure confusion) Sigmund casts a spell at you.
The magic dart hits you.
You shoot an arrow. The arrow closely misses Sigmund.
Sigmund hits you from afar with a +5 scythe of protection.
You shoot an arrow.
The arrow hits Sigmund but does no damage.
Sigmund is heavily wounded.
Sigmund hits you from afar with a +5 scythe of protection!
You shoot an arrow.
The arrow hits Sigmund but does no damage.
Sigmund is heavily wounded.
Sigmund misses you.
You shoot an arrow. The arrow barely misses Sigmund.
You shoot an arrow. The arrow barely misses Sigmund.
Sigmund closely misses you.
You shoot an arrow. The arrow closely misses Sigmund.
Sigmund points at you and mumbles some strange words.
You easily resist.
You shoot an arrow. The arrow barely misses Sigmund.
Sigmund barely misses you.
You shoot an arrow.
The arrow hits Sigmund but does no damage.
Sigmund is heavily wounded.
Sigmund barely misses you.
You shoot an arrow. The arrow hits Sigmund.
Sigmund is heavily wounded.
Sigmund points at you and mumbles some strange words.
The magic dart hits you!
You die...
Sigmund begins carving another notch in his scythe.

......###.## #........####.#
....#.###.######..####..# #.#
..................####..# #.#
......###....<..........####.#
....# # #######..(............
...## #....########### #.##
#.#..# #.# ######.#..#
#.########......@..#
..>...........)$...#
#.########.####@##.# #.# #.
### #.# #. #.# #. #.# .. ..#
.# ###


You could see Sigmund (invisible).

Vanquished Creatures
  Terence (D:3)
  3 adders (D:2)
  A dart slug (D:1)
  A ribbon worm (D:3)
  An orc (D:2)
  2 ball pythons
  6 endoplasms
  2 giant cockroaches
  9 goblins
  5 hobgoblins
  3 jackals (D:2)
  6 bats
  4 frilled lizards
  7 kobolds
  4 rats
55 creatures vanquished.

Notes
Turn   | Place    | Note
-------+----------+-------------------------------------------
     0 | D:1      | qw the Spriggan Hunter began the quest for the Orb.
     0 | D:1      | Reached XP level 1. HP: 10/10 MP: 2/2
     0 | D:1      | 0 ||| qw: Version: 0.3-a-155-g5e7d8dd
     0 | D:1      | 0 ||| qw: Game counter: 1704
     0 | D:1      | 0 ||| qw: Melee chars always use a shield: true
     0 | D:1      | 0 ||| qw: God list: Okawaru
     0 | D:1      | 0 ||| qw: Allow faded altars: false
     0 | D:1      | 0 ||| qw: Do Orc after clearing Dungeon:15 true
     0 | D:1      | 0 ||| qw: Do second Lair branch before Depths: true
     0 | D:1      | 0 ||| qw: Lair rune preference: random
     0 | D:1      | 0 ||| qw: Goals: Normal
     0 | D:1      | 0 ||| PLANNING D:1-11
    39 | D:1      | Reached skill level 3 in Dodging
   160 | D:1      | Reached XP level 2. HP: 14/14 MP: 3/3
   385 | D:1      | 385 ||| READING scroll labelled XUHUASHRAWUS.
   390 | D:1      | 390 ||| READING 2 scrolls labelled ZITIOFRIBOC.
   390 | D:1      | 390 ||| IDENTIFYING fizzy purple potion
   391 | D:1      | 391 ||| READING scroll of identify.
   391 | D:1      | 391 ||| IDENTIFYING brown potion
   392 | D:1      | 392 ||| DROPPING scroll of butterflies.
   439 | D:2      | HP: 3/14 [adder (1)]
   440 | D:2      | 440 ||| DRINKING potion of heal wounds.
   442 | D:2      | Reached XP level 3. HP: 18/18 MP: 4/4
   703 | D:2      | Found a hazy altar of Hepliaklqana.
   881 | D:2      | 881 ||| READING 2 scrolls labelled QEGOITEKAR.
   881 | D:2      | 881 ||| ENCHANTING +0 shortbow.
   882 | D:2      | 882 ||| READING scroll of enchant weapon.
   882 | D:2      | 882 ||| ENCHANTING +1 shortbow.
   883 | D:2      | 883 ||| DRINKING 2 orange potions.
   901 | D:3      | 901 ||| STAIRDANCE
   907 | D:3      | 907 ||| STAIRDANCE
   916 | D:2      | Reached XP level 4. HP: 22/22 MP: 5/5
   920 | D:3      | 920 ||| STAIRDANCE
   955 | D:3      | 955 ||| STAIRDANCE
  1031 | D:3      | Found a faded altar of an unknown god.
  1094 | D:3      | Noticed Terence
  1104 | D:3      | Killed Terence
  1149 | D:3      | Noticed Sigmund
  1160 | D:3      | HP: 1/22 [Sigmund/+5 scythe of protection (11)]
  1161 | D:3      | 1161 ||| DRINKING potion of heal wounds.
  1165 | D:3      | 1165 ||| DRINKING potion of curing.
  1165 | D:3      | 1165 ||| (to cure confusion)
  1167 | D:3      | HP: 4/22 [Sigmund/+5 scythe of protection (9)]
  1174 | D:3      | Killed from afar by Sigmund

Levels and vault maps discovered:
D:1:      eino_arrival_druids_welcome, layout_rooms
D:2:      layout_rooms, basic_altar
D:3:      layout_loops_ring, shapermc_ecumenical_altar_starsandcircs,
          uniq_crazy_yiuf_cottage, uniq_terence, uniq_sigmund

Skill      XL: |  1  2  3  4 |
---------------+-------------+-----
Dodging        | 3 4 5 |  5.3
Ranged Weapons | 5 |  5.0
Fighting       | |  1.5
Stealth        | |  1.5

Action                     |  1- 3 |  4- 6 || total
---------------------------+-------+-------++-------
   Fire: Shortbow          |   135 |    57 ||   192
    Use: Scroll            |     5 |       ||     5
         Potion            |     2 |     2 ||     4
 Armour: Robe              |    19 |    14 ||    33
  Dodge: Dodged            |   121 |    23 ||   144

Table legend:
 A = Non-vault XP
 B = Vault XP
 C = Vault XP percentage of total XP
 D = Non-vault monster count
 E = Vault monster count
 F = Vault count percentage of total count
                 A         B        C        D         E       F
            +---------+---------+-------+---------+---------+-------
      Total |     133 |      36 |  21.3 |      54 |       1 |   1.8
            +---------+---------+-------+---------+---------+-------
        D:1 |      31 |       0 |   0.0 |      18 |       0 |   0.0
        D:2 |      86 |       0 |   0.0 |      27 |       0 |   0.0
        D:3 |      16 |      36 |  69.2 |       9 |       1 |  10.0
            +---------+---------+-------+---------+---------+-------
